 Dungeon Crawl Stone Soup version 0.30-a0-1018-g25214051b3 (webtiles) character file.

Game seed: 14778672268602130788

2907 Arcadio the Fighter (level 9, -3/77 HPs)
             Began as a Barachi Reaver on Apr 7, 2023.
             Was an Initiate of Yredelemnul.
             Slain by an orc wizard
             ... wielding a +1 dagger of electrocution
              (18 damage)
             ... on level 7 of the Dungeon.
             The game lasted 00:40:03 (6788 turns).

Arcadio the Fighter (Barachi Reaver)                Turns: 6788, Time: 00:40:04

Health: -3/77      AC: 12    Str: 18    XL:     9   Next: 78%
Magic:  0/4        EV: 10    Int: 14    God:    Yredelemnul [......]
Gold:   258        SH:  0    Dex:  9    Spells: 11/12 levels left

rFire   + . .      SeeInvis .    F - +10 trident of Invincibility {antimagic, rN++ Str+2 Dex-3}
rCold   . . .      Faith    .    (no shield)
rNeg    + + .      Spirit   +    t - +1 scale mail {rF+}
rPois   .          Reflect  .    K - +0 hat
rElec   .          Rampage  .    i - +0 cloak
rCorr   .                        (no gloves)
Will    .....                    s - +0 pair of boots Stlth
                                 c - amulet of guardian spirit
HPRegen 0.32/turn                (no ring)
MPRegen 0.09/turn                (no ring)

@: slow
A: amphibious, slowness 1, strong legs 1, +LOS
a: Hop, Renounce Religion, Recall Undead Harvest


You were on level 7 of the Dungeon.
You worshipped Yredelemnul.
Yredelemnul was noncommittal.
You visited 1 branch of the dungeon, and saw 7 of its levels.

You collected 402 gold pieces.
You spent 144 gold pieces at shops.

Inventory:

Hand Weapons
 a - a +0 sling
 b - the +8 hand axe of Ducrysas {vamp, Will+ Int-2 Dex+3}
   (You found it on level 2 of the Dungeon)

   Int:       It affects your intelligence (-2).
   Dex:       It affects your dexterity (+3).
   Will:      It increases your willpower.
 j - a +3 dagger
 o - a +0 falchion
 F - the +10 trident of Invincibility (weapon) {antimagic, rN++ Str+2 Dex-3}
   (You found it on level 6 of the Dungeon)

   Str:       It affects your strength (+2).
   Dex:       It affects your dexterity (-3).
   rN:        It greatly protects you from negative energy.
Armour
 d - a +0 scale mail
 i - a +0 cloak (worn)
 m - a +2 robe of fire resistance
 s - a +0 pair of boots (worn)
 t - a +1 scale mail of fire resistance (worn)
 u - a +0 leather armour
 z - a +1 ring mail of poison resistance
 K - a +0 hat (worn)
Jewellery
 c - an amulet of guardian spirit (around neck)
 l - an amulet of reflection
Wands
 n - a wand of flame (59)
 p - a wand of roots (9)
 B - a wand of polymorph (5)
 J - a wand of acid (13)
Scrolls
 e - a scroll of vulnerability
 f - 3 scrolls of fog {unknown}
 g - 3 scrolls of teleportation
 h - a scroll of magic mapping
 r - a scroll of noise
 v - 3 scrolls of fear {unknown}
 w - 2 scrolls of immolation {unknown}
 x - a scroll of amnesia
 y - 2 scrolls of poison {unknown}
 D - 2 scrolls of enchant weapon {unknown}
 E - 3 scrolls of identify
 G - a scroll of enchant armour {unknown}
 H - a scroll of blinking {unknown}
Potions
 k - a potion of ambrosia
 q - a potion of resistance
 A - a potion of curing
 C - a potion of lignification
 I - a potion of cancellation {unknown}


   Skills:
 + Level 9.4 Fighting
 - Level 4.9 Long Blades
 + Level 7.7 Axes
 + Level 9.0 Armour
 - Level 2.3 Dodging
 - Level 2.1 Spellcasting
 - Level 3.2 Conjurations


You had 11 spell levels left.
You knew the following spells:

 Your Spells              Type           Power      Damage    Failure   Level
a - Kiss of Death         Conj/Necr      24%        2d7       30%         1

Your spell library contained the following spells:

 Spells                   Type           Power      Damage    Failure   Level
 Momentum Strike          Conj/Tloc      12%        3d8       43%         2
 Summon Small Mammal      Summ           4%         N/A       52%         1
 Blink                    Tloc           2%         N/A       67%         2
 Cigotuvi's Dreadful Rot  Necr/Pois/Air  2%         N/A       67%         2
 Lesser Beckoning         Tloc           2%         N/A       67%         2
 Dazzling Flash           Conj/Hex       12%        N/A       67%         3
 Hailstorm                Conj/Ice       6%         3d4       67%         3
 Call Canine Familiar     Summ           1%         N/A       88%         3
 Ignite Poison            Fire/Tmut/Pois 1%         N/A       88%         3
 Summon Guardian Golem    Hex/Summ       1%         N/A       88%         3
 Volatile Blastmotes      Fire/Tloc      2%         2d10      88%         3
 Iskenderun's Mystic Bla  Conj/Tloc      6%         2d4       97%         4
 Sticky Flame             Conj/Fire      6%         2d3       97%         4
 Dispel Undead            Necr           1%         3d6       99%         4
 Starburst                Conj/Fire      3%         6d3       100%        6
 Ignition                 Fire           0%         3d3       100%        8
 Death Channel            Necr           Unusable   N/A       N/A         6

Dungeon Overview and Level Annotations

Branches:
Dungeon (7/15) Zot: 26235  Temple (0/1) D:7

Altars:
Fedhas
Kikubaaqudgha
Makhleb
Ru
Vehumet
Yredelemnul

Shops:
D:1 *   D:2 =   D:4 *   D:7 *

Annotations:
D:2 exclusion: downstairs
D:3 3 runed translucent doors, Miklu's ghost, amateur DrBe
D:4 Duvessa


Innate Abilities, Weirdness & Mutations

You are amphibious.
You cover ground slowly.
You can hop short distances.
You have an extended range of vision and can be seen from far away.


Message History

You hear some strange, mumbled words.
Something tries to affect you, but you resist.
Your ice beast zombie barely misses the orc warrior.
The orc warrior hits your ice beast zombie with a +3 battleaxe.
Your ice beast zombie is destroyed!
You hear some strange, mumbled words.
You are confused.
Okay, then.
You bump into the rock wall.
A magic dart appears from out of thin air!
The magic dart hits you but does no damage.
You're too confused to aim your attacks!
Something hits you but does no damage.
You are electrocuted!
You miss something.
You bump into the rock wall.
You feel less confused.
Okay, then.
Okay, then.
You hit the orc warrior.
The orc warrior is heavily wounded.
The orc warrior hits you with a +3 battleaxe.
You puncture the orc warrior!
You kill the orc warrior!
Your Armour skill increases to level 9!
Reach: F) +10 trident of Invincibility {antimagic, rN++ Str+2 Dex-3}
Press: ? - help, Dir - move target, f - orc
Aim: an orc, wielding a +2 vampiric dagger and wearing a +0 chain mail (about 24% to evade the +10 trident of Invincibility)
You reach to attack!
You hit the orc.
The orc is moderately wounded.
Something hits you.
Reach: F) +10 trident of Invincibility {antimagic, rN++ Str+2 Dex-3}
Press: ? - help, Dir - move target, f/p - orc
Aim: an orc, wielding a +2 vampiric dagger and wearing a +0 chain mail (moderately wounded, about 24% to evade the +10 trident of Invincibility)
You reach to attack!
You hit the orc but do no damage.
The orc is moderately wounded.
Something hits you.
* * * LOW HITPOINT WARNING * * *
Something hits you but does no damage.
You are electrocuted!!
You die...
Your body rises from the dead as a mindless zombie.

#### ... '###'##
......#
......############
......'....oo....#
......##########o#
......# #)#
......# #@#
......# #.#
......# #.#
......# #.#
......# #.#
####### #.#
####### #.#
'.....# #.#
#####.# #.#


You could see an orc.

Vanquished Creatures
  Grinder (D:5)
  Sigmund (D:3)
  2 steam dragons
  An orc warrior (D:7)
  A sky beast (D:6)
  4 ice beasts
  A black bear (D:5)
  2 ogres
  A bullfrog (D:7)
  A necrophage (D:6)
  6 scorpions
  Dowan (D:4)
  A howler monkey (D:7)
  3 jellies
  An orc priest (D:3)
  4 hounds
  A sleepcap (D:4)
  A gnoll bouda (D:6)
  Terence (D:3)
  6 orc wizards
  Natasha (D:3)
  Ijyb (D:4)
  A hound skeleton (D:6)
  9 adders
  7 gnolls
  2 white imps (D:5)
  An ufetubus (D:5)
  3 worms
  5 dart slugs
  24 orcs
  13 ball pythons
  7 bats
  2 endoplasms
  2 giant cockroaches
  8 goblins
  4 hobgoblins
  6 quokkas
  13 kobolds
  5 rats
154 creatures vanquished.

Vanquished Creatures (collateral kills)
  An orc priest (D:7)
  A sleepcap (D:7)
  2 gnolls (D:6)
  A white imp (D:7)
  2 orcs (D:7)
7 creatures vanquished.

Vanquished Creatures (others)
  An ice beast zombie (D:7)
  A howler monkey zombie (D:7)
  A jelly zombie (D:6)
  A spectral white imp (D:7)
  2 adder zombies (D:6)
  5 orc zombies (D:7)
  5 plants (D:4)
16 creatures vanquished.

Grand Total: 177 creatures vanquished

Notes
Turn   | Place    | Note
-------+----------+-------------------------------------------
     0 | D:1      | Arcadio the Barachi Reaver began the quest for the Orb.
     0 | D:1      | Reached XP level 1. HP: 17/17 MP: 3/3
   230 | D:1      | Reached XP level 2. HP: 21/23 MP: 5/5
   451 | D:1      | Found Soiwubb's General Store.
   459 | D:1      | Reached skill level 1 in Armour
   463 | D:1      | Bought a scroll of teleportation for 39 gold pieces
  1071 | D:2      | Reached XP level 3. HP: 26/29 MP: 6/6
  1249 | D:2      | Found Areytel's Jewellery Shoppe.
  1257 | D:2      | HP: 1/24 [quokka (3)]
  1622 | D:2      | Reached XP level 4. HP: 20/32 MP: 3/7
  1808 | D:2      | Identified the +8 hand axe of Ducrysas {vamp, Will+ Int-2
                  | Dex+3}
  2160 | D:1      | Bought a potion of heal wounds for 65 gold pieces
  2213 | D:3      | Noticed Terence
  2262 | D:3      | Noticed Sigmund
  2335 | D:3      | Found a runed translucent gate.
  2335 | D:3      | Found a runed translucent gate.
  2335 | D:3      | Found a runed translucent gate.
  2413 | D:3      | Found a blossoming altar of Fedhas.
  2506 | D:2      | Reached XP level 5. HP: 21/39 MP: 3/8
  2612 | D:3      | Noticed Miklu's ghost (amateur DrBe)
  2623 | D:3      | You fall into a shaft and drop 2 floors!
  2623 | D:5      | Entered Level 5 of the Dungeon
  2629 | D:5      | Reached skill level 1 in Axes
  2640 | D:5      | Reached XP level 6. HP: 27/49 MP: 4/9
  2757 | D:5      | Noticed an ice beast
  2767 | D:5      | Noticed Grinder
  2786 | D:5      | Killed Grinder
  2787 | D:5      | Reached skill level 5 in Fighting
  2787 | D:5      | Reached XP level 7. HP: 20/56 MP: 4/10
  2873 | D:5      | Reached skill level 5 in Armour
  3343 | D:4      | Noticed Dowan
  3462 | D:4      | Noticed Ijyb
  3465 | D:4      | Reached XP level 8. HP: 65/65 MP: 11/11
  3556 | D:4      | Killed Dowan
  3711 | D:3      | Found an ancient bone altar of Kikubaaqudgha.
  3948 | D:3      | Killed Terence
  3949 | D:3      | Reached skill level 5 in Axes
  3959 | D:3      | Killed Sigmund
  4059 | D:3      | Noticed Natasha
  4065 | D:3      | Killed Natasha
  4410 | D:4      | Killed Ijyb
  4472 | D:4      | Found Ihacid's Assorted Antiques.
  4497 | D:4      | Bought a scroll of identify for 40 gold pieces
  4677 | D:4      | Noticed Duvessa
  4924 | D:6      | Found a basalt altar of Yredelemnul.
  4928 | D:6      | Identified the +10 trident of Invincibility {antimagic,
                  | rN++ Str+2 Dex-3}
  4933 | D:6      | Became a worshipper of Yredelemnul the Dark
  4955 | D:6      | Found a sacrificial altar of Ru.
  4957 | D:6      | Found a radiant altar of Vehumet.
  5041 | D:6      | Reached XP level 9. HP: 64/74 MP: 2/12
  5621 | D:6      | Reached * piety under Yredelemnul
  5797 | D:6      | Identified the +2 chain mail of Naillae {Harm Slay+5}
  5867 | D:6      | Found a burning altar of Makhleb.
  5922 | D:6      | Reached ** piety under Yredelemnul
  6357 | D:7      | Found a staircase to the Ecumenical Temple.
  6357 | D:7      | Found Jeitehum's Mass Market.
  6788 | D:7      | Slain by an orc wizard

Illustrated notes

Levels and vault maps discovered:
D:1:      dpeg_arrival_arbitrary_b, layout_basic, serial_shops,
          nicolae_diamond_shop, grunt_decor_arrowhead
D:2:      layout_basic, serial_shops, shop_coins
D:3:      layout_basic, mainiacjoe_overflow_alcove_2, lemuel_round_altar,
          gammafunk_ghost_icy, cheibrodos_sewer_entry_bend, uniq_terence,
          uniq_sigmund, uniq_natasha
D:4:      layout_rooms, serial_shops, nicolae_shop_overgrown_old_shop,
          uniq_ijyb, uniq_duvessa
D:5:      layout_cave_pools, uniq_grinder
D:6:      layout_basic, makhleb_blood_cavern_becter, mainiacjoe_overflow_paths,
          nicolae_overflow_squiral, serial_corexii_hall,
          chequers_hall_statues_y, corexii_hall_statues_u
D:7:      layout_basic, mainiacjoe_overflow_alcove_1,
          minmay_temple_entry_proselytizer, minmay_shop_mass

Skill      XL: |  1  2  3  4  5  6  7  8  9 |
---------------+----------------------------+-----
Long Blades    | 4 |  4.9
Armour         | 1 2 3 4 5 7 9 |  9.0
Fighting       | 3 4 5 6 8 9 |  9.4
Axes           | 1 2 4 6 7 |  7.7
Dodging        | |  2.3
Spellcasting   | |  2.1
Conjurations   | |  3.2

Action                     |  1- 3 |  4- 6 |  7- 9 || total
---------------------------+-------+-------+-------++-------
  Melee: Falchion          |   152 |    73 |       ||   225
         Punch             |     1 |     2 |     3 ||     6
         Hand axe          |       |    26 |   185 ||   211
         Trident           |       |       |   128 ||   128
   Cast: Kiss of Death     |     1 |     1 |       ||     2
 Invoke: Dark Bargain      |       |       |     1 ||     1
Ability: Hop               |     1 |       |     3 ||     4
  Evoke: Wand              |       |       |     1 ||     1
    Use: Scroll            |     1 |       |     9 ||    10
         Potion            |       |     3 |     1 ||     4
 Armour: Scale mail        |    78 |    75 |   178 ||   331
         Leather armour    |     4 |       |       ||     4
  Dodge: Dodged            |    95 |    39 |   139 ||   273

Table legend: (Time is in decaauts)
 A = Elapsed time spent in this place.
 B = Non-inter-level travel time spent in this place.
 C = Inter-level travel time spent in this place.
 D = Time resting spent in this place.
 E = Time spent auto-exploring this place.
 F = Levels seen in this place.
 G = Mean time per level.
                   A        B        C        D        E       F      G
               +--------+--------+--------+--------+--------+-----+--------+
         Total |   7698 |   7304 |    394 |    771 |   4260 |   7 | 1099.7 |
       Dungeon |   7698 |   7304 |    394 |    771 |   4260 |   7 | 1099.7 |
               +--------+--------+--------+--------+--------+-----+--------+

Top non-repeatable levels by time:
     D:2: 1508 daAuts
     D:6: 1485 daAuts
     D:1: 1268 daAuts
     D:5: 1200 daAuts
     D:3: 1152 daAuts
     D:7: 645 daAuts
     D:4: 437 daAuts
